 Dungeon Crawl Stone Soup version 0.25.1-8-g42b30a86e7 (webtiles) character file.

Game seed: 12883098081762730676

76 HAL the Magician (level 4, -4/35 HPs)
             Began as a Centaur Wanderer on Dec 9, 2020.
             Killed by nerve-wracking pain
             ... invoked by Jessica
              (13 damage)
             ... on level 2 of the Dungeon.
             The game lasted 00:14:02 (1608 turns).

HAL the Magician (Centaur Wanderer)                 Turns: 1608, Time: 00:14:03

Health: -4/35      AC:  6    Str: 15    XL:     4   Next: 12%
Magic:  8/8        EV: 13    Int: 12    God:
Gold:   82         SH:  0    Dex:  8    Spells: 8/9 levels left

rFire    . . .     SeeInvis .   a - +0 spear
rCold    . . .     Gourm    .   (no shield)
rNeg     . . .     Faith    .   d - +1 robe
rPois    .         Spirit   .   (no helmet)
rElec    .         Reflect  .   k - +0 cloak
rCorr    .         Harm     .   (no gloves)
MR       .....                  (no barding)
Stlth    +.........             (no amulet)
HPRegen  0.11/turn              p - +4 ring of evasion
MPRegen  0.11/turn              (no ring)

@: very slightly contaminated, invisible (expiring), very quick
A: large, hooves 3, deformed body, speed 2, tough skin 3
a: no special abilities


You were on level 2 of the Dungeon.
You were not hungry.

You visited 1 branch of the dungeon, and saw 2 of its levels.

You collected 82 gold pieces.

Inventory:

Hand Weapons
 a - a +0 spear (weapon)
 e - a +0 whip
 q - a +0 short sword
 t - a +0 hand axe
Missiles
 g - 5 boomerangs (quivered)
 h - 51 arrows
 l - 17 bolts
 o - 22 sling bullets
Armour
 d - a +1 robe (worn)
 j - a +0 chain mail
 k - a +0 cloak (worn)
 n - a +0 ring mail
Jewellery
 p - a +4 ring of evasion (left hand)
 s - an uncursed ring of stealth {unknown}
Potions
 c - a potion of lignification
 i - a potion of invisibility
 m - a potion of might
Comestibles
 b - 5 chunks of flesh
 f - 4 rations


   Skills:
 * Level 1.6 Fighting
 * Level 1.4 Polearms
 * Level 1.3 Throwing
 * Level 1.3 Dodging
 * Level 0.1 Stealth
 * Level 3.2 Spellcasting
 * Level 0.4 Conjurations
   Level 1.7 Transmutations
   Level 1.0 Evocations


You had 8 spell levels left.
You knew the following spells:

 Your Spells              Type           Power        Failure   Level  Hunger
a - Magic Dart            Conj           #...         21%         1    #......

Your spell library contained the following spells:

 Spells                   Type           Power        Failure   Level  Hunger
 Blink                    Tloc           N/A          36%         2    ###....
 Call Imp                 Summ           #.......     36%         2    ###....
 Slow                     Hex            #.......     36%         2    ###....
 Conjure Flame            Conj/Fire      #.......     54%         3    ###....
 Mephitic Cloud           Conj/Pois/Air  #.......     56%         3    ###....


Dungeon Overview and Level Annotations

Branches:
Dungeon (2/15)

Altars:

Annotations:
D:2 Jessica


Innate Abilities, Weirdness & Mutations

You have hooves in place of feet.
Armour fits poorly on your strangely shaped body.
You cover ground very quickly.
You have extremely tough skin. (AC +3)


Message History

Press: ? - help, Dir - move target cursor, f - Jessica, p - giant cockroach
Aim: Jessica, wearing a +0 robe (fast)
You reach to attack!
You barely miss Jessica.
Jessica drinks a potion.
Jessica seems to grow stronger.
Jessica points at you and mumbles some strange words.
Pain shoots through your body!
* * * LOW HITPOINT WARNING * * *
Jessica casts a spell at you. Pain shoots through your body!
* * * LOW HITPOINT WARNING * * *
It was a potion of invisibility.
You fade into invisibility!
Jessica shouts, "I don't like beings like you!"
You see here a goblin skeleton.
Jessica points at something and mumbles some strange words.
You barely resist.
You flicker for a moment.
Jessica casts a spell at something.
Pain shoots through your body!
You die...

...... . ... #.#.. .
##.# #.#.#.# #...
....#.##.
#..#####.<......
#..#.........#
#..#.......# ##....#
#@.# #.....# #..#
########.....###..#
..)@s.##..#...##@.#####
#####†......#...........
# #..#.##...####.#####
## #..#.##...## .# .#
#.....÷....# .#
#.######## .#
##.#.##...#.# .#
#>........


You could see Jessica (fast, strong).

Vanquished Creatures
  A gnoll (D:2)
  An adder (D:2)
  An ooze (D:2)
  A worm (D:2)
  A dart slug (D:1)
  3 leopard geckos (D:1)
  2 ball pythons (D:2)
  9 bats
  4 hobgoblins
  4 jackals (D:1)
  3 kobolds (D:1)
  A frilled lizard (D:1)
  7 goblins
  6 rats
44 creatures vanquished.

Vanquished Creatures (others)
  10 toadstools (D:2)
10 creatures vanquished.

Grand Total: 54 creatures vanquished

Notes
Turn   | Place    | Note
-------+----------+-------------------------------------------
     0 | D:1      | HAL the Centaur Wanderer began the quest for the Orb.
     0 | D:1      | HAL set off with the following items: a +0 spear, a potion
                  | of lignification, a +0 robe, a ration; and the following
                  | spell memorised: Magic Dart; and the following spells
                  | available to memorise: Blink, Call Imp, Slow, Conjure
                  | Flame, Mephitic Cloud
     0 | D:1      | Reached XP level 1. HP: 16/16 MP: 3/3
    96 | D:1      | Reached XP level 2. HP: 17/23 MP: 1/5
   228 | D:1      | Reached skill level 3 in Spellcasting
   651 | D:1      | Reached XP level 3. HP: 25/28 MP: 7/7
  1543 | D:2      | Reached XP level 4. HP: 26/35 MP: 8/8
  1547 | D:2      | Noticed Jessica
  1608 | D:2      | Killed from afar by Jessica

Illustrated notes

Levels and vault maps discovered:
D:1:      eino_arrival_druids_welcome, layout_basic
D:2:      layout_loops_ring, tgw_fedhas, uniq_jessica

Skill      XL: |  1  2 |
---------------+-------+-----
Spellcasting   | 3 |  3.2
Fighting       | |  1.6
Polearms       | |  1.4
Throwing       | |  1.3
Dodging        | |  1.3
Stealth        | |  0.1
Conjurations   | |  0.4
Transmutations | |  1.7
Evocations     | |  1.0

Action                   |  1- 3 |  4- 6 || total
-------------------------+-------+-------++-------
Melee: Spear             |   106 |     2 ||   108
       Kick              |    18 |       ||    18
Throw: Boomerang         |    18 |     3 ||    21
 Cast: Magic Dart        |    29 |       ||    29
  Use: Scroll            |     7 |       ||     7
       Potion            |       |     1 ||     1
  Eat: Chunk             |     2 |       ||     2
Armor: Robe              |    35 |       ||    35
Dodge: Dodged            |    43 |       ||    43
